 Dungeon Crawl Stone Soup version 0.29-a0-82-g837932c90e (webtiles) character file.

Game seed: 15113739997444841210

53 lordive the Sneak (level 3, -1/16 HPs)
             Began as a Spriggan Enchanter on Feb 5, 2022.
             Slain by a gnoll (10 damage)
             ... on level 2 of the Dungeon.
             The game lasted 00:02:57 (1659 turns).

lordive the Sneak (Spriggan Enchanter)              Turns: 1659, Time: 00:02:58

Health: -1/16      AC:  2    Str:  4    XL:     3   Next: 62%
Magic:  2/8        EV: 17    Int: 18    God:
Gold:   59         SH:  0    Dex: 15    Spells: 6/8 levels left

rFire   . . .      SeeInvis +   a - +1 dagger
rCold   . . .      Faith    .   (no shield)
rNeg    . . .      Spirit   .   b - +0 robe
rPois   .          Reflect  .   (helmet restricted)
rElec   .          Harm     .   (no cloak)
rCorr   .          Rampage  .   (gloves unavailable)
Will    .....                   (boots unavailable)
Stlth   +++.......              (no amulet)
HPRegen 0.05/turn               (no ring)
MPRegen 0.11/turn               (no ring)

@: very slightly contaminated, very quick
A: very small, no large weapons, unfitting armour, see invisible, speed 3
a: no special abilities


You were on level 2 of the Dungeon.
You visited 1 branch of the dungeon, and saw 2 of its levels.

You collected 59 gold pieces.

Inventory:

Hand Weapons
 a - a +1 dagger (weapon)
Armour
 b - a +0 robe (worn)
Jewellery
 i - the ring of the Leaf {Ice rPois MP+9 Int-2}
   (You found it on level 2 of the Dungeon)

   [ring of ice]

   It enhances your ice magic.
   Int:       It affects your intelligence (-2).
   rF:        It makes you vulnerable to fire.
   rC:        It protects you from cold.
   rPois:     It protects you from poison.
   MP:        It affects your magic capacity (+9).
Scrolls
 e - a scroll of fog {unknown}
 g - a scroll of blinking {unknown}
 h - a scroll of enchant armour {unknown}
Potions
 c - a potion of invisibility
 d - a potion of heal wounds {unknown}
 f - a potion of lignification {unknown}
 j - a potion of curing {unknown}


   Skills:
 * Level 0.2 Fighting
 * Level 1.3 Short Blades
 * Level 0.2 Armour
 * Level 3.3 Dodging
 + Level 4.9 Stealth
 + Level 3.2 Spellcasting
 * Level 4.3 Hexes
 + Level 0.1 Ice Magic


You had 6 spell levels left.
You knew the following spells:

 Your Spells              Type           Power      Damage    Failure   Level
a - Ensorcelled Hibernat  Hex/Ice        22%        N/A       10%         2

Your spell library contained the following spells:

 Spells                   Type           Power      Damage    Failure   Level
 Confusing Touch          Hex            18%        N/A       9%          3
 Tukima's Dance           Hex            18%        N/A       9%          3
 Dazzling Flash           Conj/Hex       20%        N/A       21%         3


Dungeon Overview and Level Annotations

Branches:
Dungeon (2/15)

Altars:


Innate Abilities, Weirdness & Mutations

You are very small and have problems with some larger weapons.
You are too small for most types of armour.
You have supernaturally acute eyesight. (SInv)
You cover ground extremely quickly. (Speed+++)


Message History

Things that are here:
a red potion; 8 gold pieces
There are monsters nearby!
A gnoll comes into view. It is wielding a +0 spear.
The gnoll moves out of view.
The gnoll shouts!
The gnoll shouts! x3
You completely miss the gnoll.
The gnoll enters a dispersal trap!
The gnoll blinks! x7; You blink.
The gnoll blinks!
A giant cockroach comes into view.
Really walk into that dispersal trap?
Okay, then.
Really walk into that dispersal trap?
Okay, then.
The gnoll enters a dispersal trap!
The gnoll blinks! x5; You blink.
The gnoll blinks!
You see here 24 arrows.
Things that are here:
a red potion; 8 gold pieces
Okay, then.
j - a red potion You now have 59 gold pieces (gained 8).
The gnoll looks drowsy...
The helpless gnoll fails to defend itself.
You impale the gnoll!!
You kill the gnoll!
The gnoll closely misses you.
You miscast Ensorcelled Hibernation.
You are very lightly contaminated with residual magic.
Nothing appears to happen.
The gnoll completely misses you. The gnoll hits you with a +0 spear.
The gnoll looks drowsy...
The gnoll hits you from afar with a +0 spear.
The helpless gnoll fails to defend itself.
You impale the gnoll!!
You kill the gnoll!
The gnoll hits you from afar with a +0 spear!
Ouch! That really hurt!
You die...

...###.........#
...#.........# #.#..g......#
#..(........# ##..B.......
####^g....... #.g..##.§.###
#)######..######## ##@#
###........... ###########..#
#..<.#####.... #....(......##
#.##.# #.... #..........##
#.##.# #.... #..........#
#.##.# #(...
#<>........#####.##.# #....
#............#...##†#####....
############...####.##.......
#...# #.##.≈≈≈..#


You could see a gnoll.

Vanquished Creatures
  2 gnolls (D:2)
  An adder (D:2)
  2 worms (D:2)
  2 bats (D:2)
  2 endoplasms (D:1)
  4 giant cockroaches
  4 goblins
  3 hobgoblins
  5 kobolds
  A rat (D:2)
26 creatures vanquished.

Notes
Turn   | Place    | Note
-------+----------+-------------------------------------------
     0 | D:1      | lordive the Spriggan Enchanter began the quest for the Orb.
     0 | D:1      | Reached XP level 1. HP: 9/9 MP: 5/5
   266 | D:1      | Found a faded altar of an unknown god.
   345 | D:1      | Reached XP level 2. HP: 13/13 MP: 6/6
   348 | D:1      | Learned a level 2 spell: Ensorcelled Hibernation
  1309 | D:2      | Reached XP level 3. HP: 15/16 MP: 4/8
  1395 | D:2      | Identified the ring of the Leaf {Ice rPois MP+9 Int-2}
  1659 | D:2      | Slain by a gnoll

Illustrated notes

Levels and vault maps discovered:
D:1:      lightli_arrival_maybe_door_vault, layout_loops_cross,
          shapermc_ecumenical_altar_notcrosses
D:2:      layout_rooms, minmay_misc_feat_rugged,
          corexii_item_surrounded_by_moat, uniq_crazy_yiuf_cottage

Skill      XL: |  1  2 |
---------------+-------+-----
Hexes          | 4 |  4.3
Dodging        | 3 |  3.3
Spellcasting   | 3 |  3.2
Fighting       | |  0.2
Short Blades   | |  1.3
Armour         | |  0.2
Stealth        | |  4.9
Ice Magic      | |  0.1

Action                   || total
-------------------------++-------
Melee: Dagger            ||    67
       Punch             ||     1
 Cast: Ensorcelled Hiber ||    15
 Stab: Sleeping          ||    18
Armor: Robe              ||     5
Dodge: Dodged            ||    40

Table legend: (Time is in decaauts)
 A = Elapsed time spent in this place.
 B = Non-inter-level travel time spent in this place.
 C = Inter-level travel time spent in this place.
 D = Time resting spent in this place.
 E = Time spent auto-exploring this place.
 F = Levels seen in this place.
 G = Mean time per level.
                   A        B        C        D        E       F      G
               +--------+--------+--------+--------+--------+-----+--------+
         Total |   1310 |   1297 |     13 |      0 |   1095 |   2 |  655.0 |
       Dungeon |   1310 |   1297 |     13 |      0 |   1095 |   2 |  655.0 |
               +--------+--------+--------+--------+--------+-----+--------+

Top non-repeatable levels by time:
     D:1: 842 daAuts
     D:2: 468 daAuts
